Map: Oxide LE

Players

MaxPax - Winner!

  • Race: Protoss Protoss

Elazer

  • Race: Zerg Zerg

Event: DreamHack SC2 Masters 2021 Winter

VOD

Have the link to the VOD?

Description

Time

  • Played on: Oct. 14, 2021, 12:54 p.m.
  • Length: 11:12

All games in this series

Show
View Real Time Build Order
Export as new Build Order

MaxPax Protoss - Winner!

Build Orders: 1 Gate Expand, Mass Adepts 

Get SALT Encoding   

  12  0:00  Probe  
  13  0:12  Probe  
  14  0:19  Pylon  
  14  0:24  Probe  
  15  0:37  Probe (Chrono Boost)  
  15  0:39  Gateway  
  16  0:46  Probe (Chrono Boost)  
  16  0:49  Assimilator  
  17  0:51  Probe (Chrono Boost)  
  18  1:03  Probe  
  19  1:15  Probe  
  20  1:26  Cybernetics Core  
  20  1:35  Nexus  
  20  1:39  Probe  
  21  1:45  Pylon  
  21  1:51  Probe  
  21  1:53  Assimilator  
  22  2:00  Adept (Chrono Boost)  
  22  2:03  Probe  
  22  2:05  Warp Gate  
  25  2:15  Probe  
  25  2:20  Adept (Chrono Boost)  
  26  2:27  Probe  
  29  2:31  Gateway  
  29  2:40  Probe  
  30  2:47  Stalker  
  30  2:48  Probe  
  33  2:52  Probe  
  34  3:00  Probe  
  34  3:01  Gateway  
  34  3:04  Probe  
  36  3:12  Probe  
  35  3:16  Probe  
  36  3:20  Twilight Council  
  36  3:24  Probe  
  36  3:26  Pylon  
  37  3:28  Probe  
  37  3:29  Robotics Facility  
  38  3:36  Probe  
  38  3:40  Probe  
  40  3:42  Pylon  
  40  3:47  Pylon  
  40  3:49  Probe  
  40  3:53  Adept x2  
  45  3:55  Adept  
  45  3:56  Resonating Glaives (Chrono Boost), Probe  
  45  3:59  Shield Battery  
  45  4:02  Probe  
  49  4:12  Assimilator  
  49  4:13  Warp Prism (Chrono Boost)  
  52  4:18  Adept x2  
  52  4:21  Adept  
  52  4:23  Probe  
  58  4:25  Probe  
  59  4:35  Probe  
  59  4:37  Probe  
  61  4:40  Robotics Bay  
  61  4:41  Pylon  
  61  4:49  Adept x3  
  61  4:50  Assimilator  
  61  4:52  Pylon  
  67  4:58  Probe  
  68  5:03  Probe  
  67  5:09  Adept x3  
  67  5:10  Observer  
  74  5:21  Probe  
  75  5:24  Probe  
  76  5:30  Disruptor (Chrono Boost)  
  79  5:36  Nexus  
  79  5:38  Adept x2, Pylon  
  79  5:40  Adept  
  79  5:42  Probe  
  86  5:44  Gravitic Drive  
  86  5:56  Probe x2  
  86  5:57  Disruptor (Chrono Boost)  
  86  6:03  Pylon  
  87  6:07  Shield Battery  
  87  6:08  Probe x2  
  89  6:14  Stalker  
  89  6:17  Blink  
  91  6:20  Probe x2, Forge  
  93  6:28  Sentry  
  93  6:30  Sentry  
  93  6:32  Probe x2  
  99  6:44  Probe  
  99  6:46  Probe  
  101  6:49  Assimilator  
  101  6:50  Assimilator  
  101  6:58  Protoss Ground Weapons Level 1 (Chrono Boost)  
  101  6:59  Probe  
  101  7:00  Stalker x3, Probe  
  109  7:02  Probe  
  109  7:04  Pylon  
  110  7:08  Gateway  
  110  7:11  Gateway  
  110  7:18  Colossus (Chrono Boost)  
  114  7:24  Probe  
  114  7:25  Probe  
  116  7:33  Pylon  
  112  7:45  Stalker x3, Extended Thermal Lance (Chrono Boost)  
  112  7:49  Photon Cannon  
  112  7:51  Gateway  
  114  7:53  Gateway  
  114  7:56  Gateway  
  114  8:02  Colossus (Chrono Boost)  
  120  8:16  Stalker x5  
  120  8:18  Pylon  
  130  8:20  Pylon  
  130  8:24  Photon Cannon, Pylon  
  130  8:40  Adept  
  132  8:42  Stalker x4  
  132  8:44  Colossus (Chrono Boost)  
  146  9:04  Stalker x4  
  146  9:07  Stalker x2  
  151  9:23  Stalker x2  
  155  9:30  Stalker x4  
  153  9:31  Colossus (Chrono Boost)  
  125  9:54  Stalker x8  
  134  10:15  Nexus  
  134  10:17  Pylon  
  134  10:18  Observer (Chrono Boost)  
  134  10:20  Adept x2  
  139  10:24  Stalker x5  
  147  10:54  Stalker x7  
  129  11:08  Stalker  
Show
View Real Time Build Order
Export as new Build Order

Elazer Zerg 

Build Orders: Hatch First 

Get SALT Encoding   

  12  0:00  Drone  
  13  0:12  Overlord  
  13  0:16  Drone  
  14  0:30  Drone x2  
  16  0:49  Hatchery  
  15  0:51  Drone  
  15  0:54  Drone  
  17  0:58  Drone  
  18  1:08  Extractor  
  17  1:14  Spawning Pool  
  17  1:17  Drone  
  17  1:20  Drone  
  18  1:28  Drone  
  19  1:39  Drone  
  20  1:50  Overlord  
  20  2:00  Queen x2  
  24  2:01  Drone  
  24  2:02  Zergling x2  
  26  2:12  Metabolic Boost, Zergling x2  
  26  2:13  Drone  
  28  2:21  Drone  
  30  2:22  Drone  
  30  2:31  Drone  
  30  2:33  Drone  
  30  2:36  Queen  
  34  2:45  Zergling x2, Overlord  
  34  2:52  Hatchery  
  34  2:55  Zergling x2  
  35  3:06  Evolution Chamber  
  35  3:12  Spore Crawler  
  30  3:14  Drone x6  
  37  3:20  Drone x2  
  37  3:24  Queen  
  37  3:26  Overlord  
  42  3:29  Drone  
  43  3:44  Queen, Overlord x2  
  43  3:46  Drone x2  
  47  3:48  Drone  
  47  3:52  Zergling x4  
  50  3:55  Roach Warren  
  50  3:56  Drone  
  50  3:59  Drone  
  51  4:03  Drone x3  
  51  4:09  Spore Crawler  
  53  4:11  Overlord  
  53  4:12  Zergling x2  
  53  4:13  Zergling x2  
  53  4:16  Zergling x2  
  56  4:23  Zergling x10  
  61  4:25  Zergling x2  
  61  4:28  Zergling x6  
  65  4:33  Spore Crawler  
  65  4:34  Overlord  
  64  4:39  Overlord  
  64  4:42  Spore Crawler  
  64  4:43  Drone  
  64  4:45  Queen  
  66  4:48  Zergling x2  
  66  4:49  Zergling x2  
  66  4:50  Overlord  
  68  4:53  Zergling x2  
  68  4:58  Zergling x2  
  68  4:59  Zergling x6  
  73  5:03  Roach  
  73  5:04  Roach  
  77  5:09  Roach x2  
  77  5:12  Roach x2  
  85  5:16  Roach  
  86  5:21  Roach x3  
  92  5:29  Roach, Overlord  
  92  5:34  Roach  
  96  5:39  Overlord  
  96  5:40  Drone x6  
  102  5:49  Drone x6  
  108  5:59  Drone x6  
  112  6:07  Extractor  
  112  6:09  Lair, Extractor  
  112  6:10  Overlord  
  110  6:14  Drone x6  
  110  6:15  Drone  
  115  6:24  Drone x7  
  122  6:34  Hatchery  
  122  6:35  Overlord, Extractor  
  120  6:41  Extractor  
  120  6:42  Drone x3, Extractor  
  121  6:52  Drone  
  121  6:53  Overlord  
  122  6:55  Drone x6  
  122  6:58  Drone x3, Evolution Chamber  
  130  7:06  Overlord  
  130  7:11  Queen x2, Glial Reconstitution  
  130  7:12  Infestation Pit  
  111  7:15  Roach  
  111  7:16  Roach x5  
  126  7:22  Roach  
  126  7:23  Roach x3  
  123  7:30  Zergling x10  
  126  7:42  Zergling x12  
  124  7:48  Hive  
  124  7:49  Drone x4  
  124  7:50  Zerg Missile Weapons Level 1  
  128  7:53  Baneling Nest  
  128  7:55  Overlord  
  127  8:04  Roach x7  
  139  8:08  Overlord  
  139  8:10  Drone x2  
  141  8:14  Drone x2  
  141  8:17  Ravager x3  
  141  8:19  Drone x3  
  147  8:25  Zergling x16  
  155  8:32  Overseer  
  155  8:35  Drone x3  
  155  8:37  Overlord  
  155  8:40  Ravager x2  
  155  8:41  Roach x2  
  164  8:43  Ravager x2  
  164  8:44  Roach  
  164  8:46  Centrifugal Hooks  
  168  8:53  Overlord x2  
  167  9:00  Roach x4  
  167  9:02  Baneling x12  
  172  9:11  Zergling x22  
  172  9:15  Viper  
  183  9:30  Roach x10  
  177  9:35  Roach  
  177  9:36  Roach x3  
  154  9:47  Roach x3  
  154  9:48  Roach x4  
  144  9:53  Roach x4  
  144  9:54  Zergling x10  
  155  10:00  Queen x2  
  155  10:04  Roach x2  
  161  10:08  Hatchery  
  161  10:09  Roach  
  161  10:13  Ravager  
  163  10:15  Ravager x2  
  165  10:24  Drone x2  
  167  10:28  Zergling x8  
  167  10:29  Zergling x4  
  167  10:31  Overlord  
  167  10:32  Hatchery  
  154  10:55  Zergling x18  

Tags
 
Add a new tag
Caveats
  • Supply blocks, unpowered buildings, or Contaminate may cause inaccurate times.
  • Supply counts are checked every 10 seconds.